 Dungeon Crawl Stone Soup version 0.32-a0-433-g08bcfe7efd (webtiles) character file.

Game seed: 11585533773154052613

756 garrulousMonolith the Shield-Bearer (level 7, 0/60 HPs)
             Began as a Gnoll Fighter on Feb 22, 2024.
             Was a Follower of Beogh.
             Slain by a black bear (7 damage)
             ... on level 6 of the Dungeon.
             The game lasted 00:04:10 (3808 turns).

garrulousMonolith the Shield-Bearer (Gnoll Fighter) Turns: 3808, Time: 00:04:10

Health: 0/60       AC: 11    Str: 15    XL:     7   Next: 79%
Magic:  11/11      EV:  8    Int: 10    God:    Beogh [*.....]
Gold:   259        SH:  5    Dex: 11    Spells: 11/11 levels left

rFire   . . .        a - +0 war axe
rCold   . . .        c - +0 buckler
rNeg    . . .        f - +0 chain mail
rPois   .            (no helmet)
rElec   .            (no cloak)
rCorr   .            (no gloves)
SInv    .            e - +0 pair of boots
Will    .....        (no amulet) Stlth
                     (no ring)
HPRegen 0.30/turn    (no ring)
MPRegen 0.12/turn

%: no passive effects
@: hasted, very quick
A: fangs 1, strong nose, distributed training
a: Renounce Religion


You were on level 6 of the Dungeon.
You worshipped Beogh.
Beogh was aware of your devotion.
You visited 1 branch of the dungeon, and saw 6 of its levels.

You collected 259 gold pieces.

Inventory:

Hand Weapons
 a - a +0 war axe (weapon)
Armour
 b - a +0 scale mail
 c - a +0 buckler (worn)
 e - a +0 pair of boots (worn)
 f - a +0 chain mail (worn)
Scrolls
 d - a scroll of identify
 g - 2 scrolls of amnesia {unknown}
 i - a scroll of torment {unknown}
 j - a scroll of blinking {unknown}
 k - a scroll of revelation {unknown}
 q - a scroll of fog {unknown}
 r - a scroll of silence {unknown}
Potions
 l - 2 potions of magic {unknown}
 n - a potion of enlightenment
 o - a potion of heal wounds {unknown}
 p - 2 potions of mutation


   Skills:
 + Level 7.2 Fighting
 + Level 2.8 Short Blades
 + Level 2.8 Long Blades
 + Level 5.4 Axes
 + Level 2.8 Maces & Flails
 + Level 2.8 Polearms
 + Level 2.8 Staves
 + Level 2.8 Ranged Weapons
 + Level 2.8 Throwing
 + Level 7.2 Armour
 + Level 2.8 Dodging
 + Level 2.8 Stealth
 + Level 7.2 Shields
 + Level 2.8 Unarmed Combat
 + Level 2.8 Spellcasting
 + Level 2.3 Conjurations
 + Level 2.3 Hexes
 + Level 2.3 Summonings
 + Level 2.3 Necromancy
 + Level 2.3 Translocations
 + Level 2.3 Fire Magic
 + Level 2.3 Ice Magic
 + Level 2.3 Air Magic
 + Level 2.3 Earth Magic
 + Level 2.3 Alchemy
 + Level 3.1 Invocations
 + Level 2.8 Evocations
 + Level 2.5 Shapeshifting


You had 11 spell levels left.
You didn't know any spells.
Your spell library was empty.

Dungeon Overview and Level Annotations

Branches:
Dungeon (6/15)
 Temple: D:4-7

Altars:

Shops:
D:2 =

Annotations:
D:4 Grinder


Innate Abilities, Weirdness & Mutations

You have very sharp teeth.
Your uncanny sense of smell can sniff out nearby items.
Your experience applies equally to all skills.


Message History

The black bear bites you.
* * * LOW HITPOINT WARNING * * *
The black bear claws you but does no damage.
You block the black bear's attack.
You feel yourself speed up.
Your attacks no longer feel as feeble.
The gnoll barely misses you. You block the black bear's attack.
The black bear claws you but does no damage. x2
The gnoll bouda gazes fiercely through you!
You feel your attacks grow feeble.
The gnoll is no longer moving quickly.
The black bear attacks as it pursues you!
The black bear bites you but does no damage.
The black bear claws you but does no damage.
The black bear barely misses you. The gnoll attacks as it pursues you!
The gnoll barely misses you. The gnoll attacks as it pursues you!
You block the gnoll's attack.
The black bear rages.
Your attacks no longer feel as feeble.
The gnoll attacks as it pursues you!
The gnoll hits you from afar with a +0 halberd!
* * * LOW HITPOINT WARNING * * *
The black bear rages.
The black bear attacks as it pursues you!
The black bear bites you but does no damage.
The black bear claws you but does no damage.
The black bear claws you.
* * * LOW HITPOINT WARNING * * *
You feel better. You block the black bear's attack.
The black bear claws you but does no damage.
The black bear claws you.
* * * LOW HITPOINT WARNING * * *
You aren't carrying any items that you can evoke.
Okay, then.
You aren't carrying any items that you can evoke.
You feel better.
The gnoll is no longer moving quickly.
The gnoll hits you from afar with a +0 halberd.
* * * LOW HITPOINT WARNING * * *
The black bear bites you!
You die...

........g..#....
......g....#...#
...........#...#
.........g##...#
..........##...##
##...##.......>.#
#... #....g...##
..... #...##h..#
.....#######.@.##
... ............+
...........#
................#
#....###..####'##
.###....###..####.##
...............#...#
...............'...#
...............#...#


You could see a black bear (berserk), a gnoll bouda and 2 gnolls.

Vanquished Creatures
  An ogre (D:6)
  2 phantoms (D:5)
  A scorpion (D:5)
  2 jellies (D:5)
  A bombardier beetle (D:4)
  2 hounds
  An orc priest (D:5)
  2 iguanas (D:5)
  A sleepcap (D:5)
  Terence (D:2)
  6 adders
  2 ufetubi (D:5)
  4 ribbon worms
  2 dart slugs
  6 orcs
  6 bats
  7 endoplasms
  5 giant cockroaches
  10 hobgoblins
  11 jackals
  2 kobolds
  6 quokkas
  10 ball pythons
  7 frilled lizards
  3 goblins
  5 rats
106 creatures vanquished.

Notes
Turn   | Place    | Note
-------+----------+-------------------------------------------
     0 | D:1      | garrulousMonolith the Gnoll Fighter began the quest for the
                  | Orb.
     0 | D:1      | Reached XP level 1. HP: 23/23 MP: 1/1
   207 | D:1      | Reached XP level 2. HP: 29/29 MP: 2/2
   661 | D:1      | Reached XP level 3. HP: 31/35 MP: 3/3
   888 | D:2      | Reached skill level 1 in Invocations
   938 | D:2      | Reached skill level 1 in Short Blades
   938 | D:2      | Reached skill level 1 in Long Blades
   938 | D:2      | Reached skill level 1 in Maces & Flails
   938 | D:2      | Reached skill level 1 in Polearms
   938 | D:2      | Reached skill level 1 in Staves
   938 | D:2      | Reached skill level 1 in Ranged Weapons
   938 | D:2      | Reached skill level 1 in Throwing
   938 | D:2      | Reached skill level 1 in Dodging
   938 | D:2      | Reached skill level 1 in Stealth
   938 | D:2      | Reached skill level 1 in Unarmed Combat
   938 | D:2      | Reached skill level 1 in Spellcasting
   938 | D:2      | Reached skill level 1 in Evocations
  1011 | D:2      | Reached skill level 1 in Shapeshifting
  1011 | D:2      | Reached XP level 4. HP: 41/41 MP: 5/5
  1062 | D:2      | Noticed Terence
  1073 | D:2      | Killed Terence
  1074 | D:2      | Reached skill level 1 in Conjurations
  1074 | D:2      | Reached skill level 1 in Hexes
  1074 | D:2      | Reached skill level 1 in Summonings
  1074 | D:2      | Reached skill level 1 in Necromancy
  1074 | D:2      | Reached skill level 1 in Translocations
  1074 | D:2      | Reached skill level 1 in Fire Magic
  1074 | D:2      | Reached skill level 1 in Ice Magic
  1074 | D:2      | Reached skill level 1 in Air Magic
  1074 | D:2      | Reached skill level 1 in Earth Magic
  1074 | D:2      | Reached skill level 1 in Alchemy
  1227 | D:2      | Found Hiomeh's Jewellery Shoppe.
  1269 | D:2      | Reached XP level 5. HP: 45/47 MP: 7/7
  2547 | D:4      | Noticed Grinder
  2549 | D:4      | Paralysed by Grinder for 2 turns
  2558 | D:4      | Paralysed by Grinder for 4 turns
  2566 | D:5      | Entered Level 5 of the Dungeon
  2574 | D:5      | Became a worshipper of Beogh the Shepherd
  2590 | D:5      | Noticed a phantom
  2590 | D:5      | Noticed a phantom
  2607 | D:5      | Killed a phantom
  2608 | D:5      | Reached skill level 5 in Axes
  2608 | D:5      | Reached XP level 6. HP: 48/53 MP: 7/9
  2685 | D:5      | Reached XP level 7. HP: 4/60 MP: 10/10
  3648 | D:6      | Reached * piety under Beogh
  3805 | D:6      | HP: 1/60 [gnoll/+0 halberd[a gnoll bouda] (7)]
  3808 | D:6      | Slain by a black bear

Illustrated notes

Levels and vault maps discovered:
D:1:      matt_arrival_spirals, layout_loops_ring
D:2:      layout_basic, serial_shops, shop, uniq_terence
D:3:      layout_loops_ring
D:4:      layout_cave_pools, kennysheep_mini_moat, zin_treasury, uniq_eustachio,
          uniq_grinder
D:5:      layout_cave_pools, chequers_garden
D:6:      layout_gridville, grunt_dithmenos_shadows,
          mainiacjoe_overflow_alcove_3

Skill      XL: |  1  2  3  4  5  6  7 |
---------------+----------------------+-----
Invocations    | 1 2 3 |  3.1
Short Blades   | 1 2 |  2.8
Long Blades    | 1 2 |  2.8
Maces & Flails | 1 2 |  2.8
Polearms       | 1 2 |  2.8
Staves         | 1 2 |  2.8
Ranged Weapons | 1 2 |  2.8
Throwing       | 1 2 |  2.8
Dodging        | 1 2 |  2.8
Stealth        | 1 2 |  2.8
Unarmed Combat | 1 2 |  2.8
Spellcasting   | 1 2 |  2.8
Evocations     | 1 2 |  2.8
Shapeshifting  | 1 2 |  2.5
Conjurations   | 1 2 |  2.3
Hexes          | 1 2 |  2.3
Summonings     | 1 2 |  2.3
Necromancy     | 1 2 |  2.3
Translocations | 1 2 |  2.3
Fire Magic     | 1 2 |  2.3
Ice Magic      | 1 2 |  2.3
Air Magic      | 1 2 |  2.3
Earth Magic    | 1 2 |  2.3
Alchemy        | 1 2 |  2.3
Axes           | 5 |  5.4
Fighting       | 7 |  7.2
Armour         | 7 |  7.2
Shields        | 7 |  7.2

Action                     |  1- 3 |  4- 6 |  7- 9 || total
---------------------------+-------+-------+-------++-------
  Melee: War axe           |   101 |   161 |    93 ||   355
         Bite              |     8 |    14 |     6 ||    28
  Throw: Throwing net      |       |       |     1 ||     1
 Invoke: Convert to Beogh  |       |     1 |       ||     1
    Use: Potion            |       |     3 |     3 ||     6
         Scroll            |       |     3 |     1 ||     4
 Armour: Scale mail        |    12 |       |       ||    12
         Chain mail        |    79 |   119 |   149 ||   347
  Dodge: Dodged            |    47 |    54 |    65 ||   166
  Block: Buckler           |    33 |    44 |    43 ||   120

Table legend: (Time is in decaauts)
 A = Elapsed time spent in this place.
 B = Non-inter-level travel time spent in this place.
 C = Inter-level travel time spent in this place.
 D = Time resting spent in this place.
 E = Time spent auto-exploring this place.
 F = Levels seen in this place.
 G = Mean time per level.
                   A        B        C        D        E       F      G
               +--------+--------+--------+--------+--------+-----+--------+
         Total |   3907 |   3809 |     98 |    539 |   2408 |   6 |  651.2 |
       Dungeon |   3907 |   3809 |     98 |    539 |   2408 |   6 |  651.2 |
               +--------+--------+--------+--------+--------+-----+--------+

Top non-repeatable levels by time:
     D:5: 1089 daAuts
     D:1: 864 daAuts
     D:2: 777 daAuts
     D:3: 748 daAuts
     D:4: 246 daAuts
     D:6: 180 daAuts
